 Dungeon Crawl Stone Soup version 0.30.0-13-g156ef70053 (webtiles) character file.

Game seed: 13145624230115224520

39 croobank the Firebug (level 3, 0/27 HPs)
             Began as a Draconian Fire Elementalist on May 17, 2023.
             Was a Follower of Sif Muna.
             Succumbed to Sigmund's poison
             ... on level 2 of the Dungeon on May 18, 2023.
             The game lasted 00:04:43 (1526 turns).

croobank the Firebug (Draconian Fire Elementalist)  Turns: 1526, Time: 00:04:43

Health: 0/27       AC:  6    Str:  8 (10) XL:     3   Next: 26%
Magic:  0/6        EV: 12    Int: 15 (17) God:    Sif Muna [*.....]
Gold:   59         SH:  0    Dex:  8 (11) Spells: 3/6 levels left

rFire   . . .        a - +0 short sword
rCold   . . .        (no shield)
rNeg    . . .        (body armour unavailable)
rPois   .            (helmet restricted)
rElec   .            (no cloak)
rCorr   .            (no gloves)
SInv    .            c - +0 pair of boots
Will    .....        (no amulet)
Stlth   ++           (no ring)
HPRegen 0.24/turn    (no ring)
MPRegen 0.10/turn

%: no passive effects
@: lethally poisoned (0 -> -29), hasted, very quick
A: AC +5, unfitting armour, cold-blooded
a: Renounce Religion, Channel Magic


You were on level 2 of the Dungeon.
You worshipped Sif Muna.
Sif Muna was aware of your devotion.
You visited 1 branch of the dungeon, and saw 2 of its levels.

You collected 59 gold pieces.

Inventory:

Hand Weapons
 a - a +0 short sword (weapon)
 g - a +0 war axe
Armour
 c - a +0 pair of boots (worn)
 k - an orb of wrath
Magical Staves
 m - a staff of earth
Scrolls
 b - a scroll of identify {unknown}
 h - a scroll of fear {unknown}
 i - a scroll of summoning {unknown}
Potions
 e - a potion of heal wounds
 f - a potion of haste
 j - a potion of lignification {unknown}
 l - a potion of curing {unknown}


   Skills:
 + Level 0.7 Fighting
 + Level 2.1 Dodging
 + Level 2.2 Stealth
 + Level 2.2 Spellcasting
 + Level 1.5 Conjurations
 + Level 3.2 Fire Magic


You had 3 spell levels left.
You knew the following spells:

 Your Spells              Type           Power      Damage    Failure   Level
a - Foxfire               Conj/Fire      32%        2x1d5     9%          1
b - Scorch                Fire           22%        2d5       9%          2

Your spell library contained the following spells:

 Spells                   Type           Power      Damage    Failure   Level
 Inner Flame              Hex/Fire       6%         N/A       32%         3
 Volatile Blastmotes      Fire/Tloc      12%        2d11      32%         3
 Flame Wave               Conj/Fire      8%         2d5       63%         4


Dungeon Overview and Level Annotations

Branches:
Dungeon (2/15)

Altars:
Sif Muna

Annotations:
D:2 Sigmund


Innate Abilities, Weirdness & Mutations

Your plain brown scales are hard. (AC +5)
You cannot fit into any form of body armour.
You are cold-blooded and may be slowed by cold attacks.


Message History

The magic dart hits you.
Casting: Scorch (safe; 8% risk of failure)
Confirm with . or Enter, or press ? or * to list all spells.
Flames lash Sigmund.
Sigmund is lightly wounded.
Sigmund's fire resistance burns away.
Sigmund barely misses you.
Casting: Scorch (safe; 8% risk of failure)
Confirm with . or Enter, or press ? or * to list all spells.
Flames lash Sigmund.
Sigmund is burned terribly!
Sigmund is moderately wounded.
Sigmund barely misses you.
Casting: Scorch (safe; 8% risk of failure)
Confirm with . or Enter, or press ? or * to list all spells.
Flames lash Sigmund.
Sigmund is burned terribly!
Sigmund is severely wounded.
It was a potion of degeneration.
There was something very wrong with that liquid.
You feel weakened.
You feel dopey.
You feel clumsy. Sigmund casts a spell at you.
You resist with significant effort.
It was a potion of heal wounds.
You feel much better.
Sigmund hits you with a +7 scythe of venom.
You are poisoned.
You barely miss Sigmund.
Sigmund is severely wounded.
You feel sick.
Sigmund screams, "Only death can liberate you!"
Sigmund misses you.
You hit Sigmund but do no damage.
Sigmund is severely wounded.
You feel sick.
You hit Sigmund but do no damage.
Sigmund is severely wounded.
You feel sick.
Sigmund hits you with a +7 scythe of venom!
Ouch! That really hurt!
* * * LOW HITPOINT WARNING * * *
You are lethally poisoned!
It was a potion of haste.
You feel yourself speed up.
You die...

### # #.# # #.# # #.#
#### #.# #... #####.####
#... ..##@@.#....##
###.>.
...............####....#
.................).....#
................######..
.............<.># ###
#####...........## #
##...........# #
###..####.#.### # #.##
#.#...## #


You could see Sigmund (combustible).

Vanquished Creatures
  Terence (D:2)
  A ball python (D:1)
  3 bats (D:1)
  3 goblins
  A quokka (D:2)
  2 frilled lizards
  A kobold (D:1)
  2 rats (D:1)
14 creatures vanquished.

Vanquished Creatures (others)
  28 foxfires
28 creatures vanquished.

Grand Total: 42 creatures vanquished

Notes
Turn   | Place    | Note
-------+----------+-------------------------------------------
     0 | D:1      | croobank the Draconian Fire Elementalist began the quest
                  | for the Orb.
     0 | D:1      | Reached XP level 1. HP: 14/14 MP: 3/3
   706 | D:1      | Found a faded altar of an unknown god.
   714 | D:1      | Prayed at the altar of an unknown god.
   714 | D:1      | Became a worshipper of Sif Muna the Loreminder
   714 | D:1      | Reached * piety under Sif Muna
   882 | D:1      | Reached XP level 2. HP: 20/20 MP: 3/5
   885 | D:1      | Learned a level 2 spell: Scorch
  1163 | D:2      | Noticed Terence
  1212 | D:2      | Killed Terence
  1213 | D:2      | Reached XP level 3. HP: 12/27 MP: 1/6
  1510 | D:2      | Noticed Sigmund
  1526 | D:2      | Succumbed to Sigmund's poison

Illustrated notes

Levels and vault maps discovered:
D:1:      dpeg_arrival_houses_and_road, layout_basic,
          hellmonk_ecumenical_altar_crossroads
D:2:      layout_rooms, uniq_sigmund, uniq_terence

Skill      XL: |  1  2 |
---------------+-------+-----
Stealth        | 2 |  2.2
Dodging        | 2 |  2.1
Fighting       | |  0.7
Spellcasting   | |  2.2
Conjurations   | |  1.5
Fire Magic     | |  3.2

Action                     || total
---------------------------++-------
  Melee: Short sword       ||     7
   Cast: Foxfire           ||    17
         Scorch            ||    10
    Use: Scroll            ||     2
         Potion            ||     4
 Armour: Skin              ||     1
  Dodge: Dodged            ||     9
